 Dungeon Crawl Stone Soup version 0.30.0 (webtiles) character file.

Game seed: 6438765804538461089

14 browni3141 the Sneak (level 2, -6/26 HPs)
             Began as an Armataur Delver on May 6, 2023.
             Was a Follower of Uskayaw.
             Mangled by an iguana (9 damage)
             ... on level 5 of the Dungeon.
             The game lasted 00:02:41 (415 turns).

browni3141 the Sneak (Armataur Delver)               Turns: 415, Time: 00:02:42

Health: -6/26      AC:  4    Str: 17    XL:     2   Next: 31%
Magic:  2/2        EV:  9    Int: 10    God:    Uskayaw [*.....]
Gold:   16         SH:  3    Dex: 11    Spells: 1/1 levels left

rFire   . . .        a - +0 short sword
rCold   . . .        M - +0 buckler
rNeg    . . .        b - +0 leather armour
rPois   .            (no helmet)
rElec   .            (no cloak)
rCorr   .            (no gloves)
SInv    .            (no barding)
Will    .....        (no amulet)
Stlth   +++          (no ring)
HPRegen 0.24/turn    (no ring)
MPRegen 0.08/turn

%: roll
@: hasted, very quick
A: large, rugged brown scales 3, deformed body, armoured tail, roll, long
tongue, awkward tongue
a: Renounce Religion, Stomp


You were on level 5 of the Dungeon.
You worshipped Uskayaw.
Uskayaw was noncommittal.
You visited 2 branches of the dungeon, and saw 3 of its levels.

You collected 16 gold pieces.

Inventory:

Hand Weapons
 a - a +0 short sword (weapon)
Armour
 b - a +0 leather armour (worn)
 M - a +0 buckler (worn)
Wands
 g - a wand of digging (3)
 I - a wand of iceblast (8)
Scrolls
 d - a scroll of magic mapping
 F - a scroll of fog
 J - a scroll of identify {unknown}
 L - a scroll of brand weapon {unknown}
 N - a scroll of vulnerability {unknown}
Potions
 K - a potion of curing {unknown}


   Skills:
 + Level 2.9 Fighting
 - Level 1.7 Short Blades
 - Level 1.3 Dodging
 - Level 6.0 Stealth
 * Level 0.0 Shields
 * Level 0.0 Invocations


You had one spell level left.
You didn't know any spells.
Your spell library was empty.

Dungeon Overview and Level Annotations

Branches:
Dungeon (6/15)             Temple (1/1) D:5

Altars:
Cheibriados
Dithmenos
Gozag
Kikubaaqudgha
Makhleb
Ru
Sif Muna
Uskayaw
Xom


Innate Abilities, Weirdness & Mutations

You are completely covered in rugged brown scales. (AC +3, +7% HP)
Armour fits poorly on your strangely shaped body.
You have a long armoured tail.
You roll when moving toward enemies. (Rampage)
Your long tongue fully drains potion bottles. (2x potion effects)
Your tongue gives you trouble enunciating. (1.5x scroll delay)


Message History

You tail-slap the ufetubus, but do no damage.
The ufetubus hits you. The ufetubus closely misses you.
You hit the ufetubus but do no damage. You tail-slap the ufetubus!
You kill the ufetubus!
There is an opulent altar of Gozag here.
You kneel at the altar of Gozag.
Gozag does not accept service from beggars like you!
The service fee for joining is currently 38 gold; you have none.
Unknown command.
Press < or > to pray at altars.
Unknown command.
Press < or > to pray at altars.
There is a staircase back to the Dungeon here.
You start resting.
HP restored.
You climb upwards.
There is a staircase to the Ecumenical Temple here.
Search for what [? for help]? gold Can't find anything matching that.
Unknown command.
J - a scroll labelled QOOGE VYEMEPHAQU
There is a stone staircase leading down here.
You climb downwards.
There is a stone staircase leading up here.
K - a metallic amethyst potion You open the door.
There is an open door here.
You open the door.
There is an open door here.
You open the door. As you open the door, it creaks loudly!
There is an open door here.
You now have 3 gold pieces.
There is an open door here.
You open the door.
There is an open door here.
There is an open door here.
There is an open door here.
You open the door.
There is an open door here.
You open the door.
There is an open door here.
L - a scroll labelled CEUNIS GULILE
Found a hide-covered altar of Uskayaw.
You see here a +0 buckler.
M - a +0 buckler You now have 16 gold pieces (gained 13).
Okay, then.
You start putting on your armour.
You continue putting on your +0 buckler. x4
You finish putting on your +0 buckler.
There is a hide-covered altar of Uskayaw here.
You kneel at the altar of Uskayaw.
Uskayaw welcomes you!
You open the door.
There is an open door here.
You open the door.
There is an open door here.
N - a scroll labelled JESCHA ONONUDOF You open the door.
There is an open door here.
An ogre comes into view. It is wielding a +0 giant club.
There is an open door here.
There is an open door here.
There is a stone staircase leading up here.
You climb upwards.
There is a stone staircase leading down here.
An iguana comes into view.
An iguana is nearby!
An iguana is nearby!
You roll towards the iguana!
The helpless iguana fails to defend itself.
You puncture the iguana!
The iguana is heavily wounded.
The iguana hisses menacingly.
The iguana bites you!
You can now stomp with the beat.
You barely miss the iguana.
The iguana is heavily wounded.
The iguana barely misses you.
You hit the iguana but do no damage.
The iguana is heavily wounded.
The iguana bites you!
* * * LOW HITPOINT WARNING * * *
The iguana attacks as you move away! The iguana barely misses you.
Aiming: Iceblast
Press: ? - help, Shift-Dir - straight line
Okay, then.
You don't have enough magic capacity.
Unknown command.
Unknown command.
Okay, then.
As you slowly read the scroll of fear, it crumbles to dust.
You assume a fearsome visage.
The iguana resists with some effort.
The iguana bites you.
* * * LOW HITPOINT WARNING * * *
You feel yourself speed up.
You slurp down every last drop of the potion of haste!
The iguana bites you!
You die...

.. .####
...##..#..
.#.#.#.#.#
..........###
#.#.#.#.#.. ..
.........# ### ..
#.#.#.#.# ..##
... #....l#####
..# ..[
#####.@...# #.#
#... #####.####
#.##....
#....###.......
#..........##..
#.##.#####..†..
###.##.#####.....
#...##...........
#.#####..........
#># #..........


You could see an iguana.

Vanquished Creatures
  An adder (D:5)
  An ufetubus (Temple)
2 creatures vanquished.

Notes
Turn   | Place    | Note
-------+----------+-------------------------------------------
     0 | D:5      | browni3141 the Armataur Delver began the quest for the Orb.
     0 | D:5      | Reached XP level 1. HP: 19/19 MP: 1/1
    19 | D:5      | Reached skill level 6 in Stealth
    19 | D:5      | Reached XP level 2. HP: 26/26 MP: 2/2
    26 | D:5      | Found a staircase to the Ecumenical Temple.
    27 | D:5      | Noticed a black bear
    38 | Temple   | Entered the Ecumenical Temple
   289 | D:6      | Noticed a +0 dagger
   289 | D:6      | Noticed a +0 dagger
   292 | D:6      | Found a hide-covered altar of Uskayaw.
   309 | D:6      | Became a worshipper of Uskayaw the Reveller
   354 | D:6      | Noticed an ogre
   409 | D:5      | Reached * piety under Uskayaw
   415 | D:5      | Mangled by an iguana

Illustrated notes

Levels and vault maps discovered:
D:5:      cheibrodos_quashed, layout_rooms, amcnicky_altar_gilded,
          grunt_qazlal_sundering, minmay_temple_entry_waves, st_stairs_13
D:6:      layout_gridville, dancing_weapons_uskayaw, serial_shops,
          nicolae_shop_window_shopping
Temple:   hellmonk_temple_micro_hex

Skill      XL: |  1 |
---------------+----+-----
Stealth        | 6 |  6.0
Fighting       | |  2.9
Short Blades   | |  1.7
Dodging        | |  1.3

Action                     || total
---------------------------++-------
  Melee: Short sword       ||     9
         Tailslap          ||     3
    Use: Scroll            ||     1
         Potion            ||     1
   Stab: Sleeping          ||     2
 Armour: Leather armour    ||     6
  Dodge: Dodged            ||    10
